 Dungeon Crawl Stone Soup version 0.31-a0-233-g139696dc86 (webtiles) character file.

Game seed: 600560671466425691

866 qw the Skirmisher (level 7, 0/60 HPs)
             Began as a Minotaur Hexslinger on July 7, 2023.
             Slain by a gnoll
             ... wielding a +0 flail
              (3 damage)
             ... on level 6 of the Dungeon.
             The game lasted 00:01:54 (4280 turns).

qw the Skirmisher (Minotaur Hexslinger)             Turns: 4280, Time: 00:01:55

Health: 0/60       AC:  4    Str: 12    XL:     7   Next: 72%
Magic:  7/7        EV: 11    Int:  9    God:
Gold:   216        SH:  0    Dex: 18    Spells: 7/8 levels left

rFire   + . .        Y - +2 sling
rCold   . . .        (no shield)
rNeg    . . .        i - +0 ring mail
rPois   .            (helmet unavailable)
rElec   .            (no cloak)
rCorr   .            (no gloves)
SInv    .            c - +0 pair of boots
Will    .....        g - amulet of faith
Stlth   +            h - ring of protection from fire
HPRegen 0.30/turn    (no ring)
MPRegen 0.10/turn

%: faith
@: about to teleport
A: horns 3, retaliatory headbutt, agile 1, deformed body
a: no special abilities


You were on level 6 of the Dungeon.
You visited 1 branch of the dungeon, and saw 6 of its levels.
You also visited: Ossuary.

You collected 216 gold pieces.


Innate Abilities, Weirdness & Mutations

You have a pair of large horns on your head.
You reflexively headbutt those who attack you in melee.
You are agile. (Dex +4, Str/Int -1)
Armour fits poorly on your strangely shaped body.


   Skills:
 + Level 4.8 Fighting
 - Level 8.1 Ranged Weapons
 - Level 3.5 Armour
 - Level 2.1 Dodging
 - Level 1.0 Spellcasting
 - Level 2.0 Hexes


You had 7 spell levels left.
You knew the following spells:

 Your Spells              Type           Power      Damage    Failure   Level
a - Slow                  Hex            16%        N/A       34%         1

Your spell library contained the following spells:

 Spells                   Type           Power      Damage    Failure   Level
 Inner Flame              Hex/Fire       2%         N/A       83%         3
 Portal Projectile        Hex/Tloc       4%         N/A       83%         3
 Cause Fear               Hex            2%         N/A       98%         4

Inventory:

Hand Weapons
 Y - a +2 sling (weapon)
Armour
 c - a +0 pair of boots (worn)
 i - a +0 ring mail (worn)
Jewellery
 g - an amulet of faith (around neck)
 h - a ring of protection from fire (left hand)
 j - an amulet of regeneration
Scrolls
 b - a scroll of identify
 n - 2 scrolls of teleportation
Potions
 a - a potion of might
 d - a potion of haste
 f - a potion of resistance
 k - a potion of heal wounds
 l - a potion of mutation
 p - a potion of cancellation
 q - a potion of enlightenment

Dungeon Overview and Level Annotations

Branches:
Dungeon (6/15)            Ossuary (visited)
 Temple: D:4-7

Altars:
Gozag
Ru
Sif Muna
Xom

Annotations:
D:6 Prince Ribbit


Message History

The gnoll closely misses you.
You shoot a sling bullet. The sling bullet hits the gnoll.
The gnoll is almost dead.
The hound bites you. The gnoll hits you with a +0 flail.
The gnoll closely misses you. The hound barely misses you.
You furiously retaliate!
You headbutt the hound! You shoot a sling bullet.
The sling bullet hits the gnoll but does no damage.
The gnoll is almost dead.
The hound barely misses you. You furiously retaliate!
You headbutt the hound!
You kill the hound!
Prince Ribbit hits you! The gnoll closely misses you. x2
A shadow imp comes into view.
You shoot a sling bullet.
The shadow imp shouts, "Flounder, thou cockered ill-breeding cross-patch!"
The sling bullet hits the gnoll.
You kill the gnoll!
Prince Ribbit hits you.
The gnoll hits you from afar with a +4 spear!
The gnoll closely misses you. You furiously retaliate!
You headbutt the gnoll! Prince Ribbit closely misses you.
You furiously retaliate!
You headbutt Prince Ribbit. You shoot a sling bullet.
The sling bullet closely misses the gnoll.
Prince Ribbit blinks!
The gnoll completely misses you. The gnoll hits you with a +0 flail.
You shoot a sling bullet.
The sling bullet hits the gnoll but does no damage.
The gnoll is heavily wounded.
Prince Ribbit blinks!
The gnoll hits you from afar with a +4 spear!
The gnoll closely misses you.
The gnoll hits you from afar with a +4 spear!
The gnoll hits you but does no damage.
4280 ||| READING 3 scrolls of teleportation.
As you read the scroll of teleportation, it crumbles to dust.
You feel strangely unstable.
Prince Ribbit lets out a mournful croak.
Prince Ribbit blinks!
The gnoll hits you with a +0 flail.
You die...

#........#....
#........#.....
##..............
...........)..### .
##.......5...... ..
#........g.)..###.#
......g)..........#+
.¤.....@............
#..........#........
...¤........<.......
....####.....#.#.#..
.................#
## .##.......#.###
..........#...
.###......# .... #
........# .###


You could see 2 gnolls and a shadow imp.

Vanquished Creatures
  Eustachio (D:5)
  An ogre (D:4)
  3 scorpions (D:5)
  A howler monkey (D:5)
  A human zombie (Ossuary)
  3 hounds
  A jelly (D:4)
  An iguana (D:5)
  Jessica (D:2)
  6 mummies
  A gnoll (D:6)
  5 adders
  6 worms
  A dart slug (D:2)
  6 orcs
  7 endoplasms
  A giant cockroach (D:1)
  6 goblins
  12 hobgoblins
  7 jackals (D:4)
  A quokka (D:1)
  3 ball pythons
  A bat (D:3)
  4 frilled lizards
  2 goblin zombies (Ossuary)
  2 hobgoblin zombies (Ossuary)
  6 kobolds
  2 kobold zombies (Ossuary)
  An orc zombie (Ossuary)
  2 rats
95 creatures vanquished.

Notes
Turn   | Place    | Note
-------+----------+-------------------------------------------
     0 | D:1      | qw the Minotaur Hexslinger began the quest for the Orb.
     0 | D:1      | Reached XP level 1. HP: 16/16 MP: 1/1
     0 | D:1      | 0 ||| qw: Version: 0.3-a-46-gb1f654a
     0 | D:1      | 0 ||| qw: Game counter: 3091
     0 | D:1      | 0 ||| qw: Melee chars always use a shield: true
     0 | D:1      | 0 ||| qw: God list: Okawaru
     0 | D:1      | 0 ||| qw: Allow faded altars: false
     0 | D:1      | 0 ||| qw: Do Orc after clearing Dungeon:15 true
     0 | D:1      | 0 ||| qw: Do second Lair branch before Depths: true
     0 | D:1      | 0 ||| qw: Lair rune preference: random
     0 | D:1      | 0 ||| qw: Goals: Normal
     0 | D:1      | 0 ||| PLANNING D:1-11
   303 | D:1      | Reached skill level 3 in Ranged Weapons
   303 | D:1      | Reached XP level 2. HP: 23/23 MP: 2/2
   671 | D:1      | 671 ||| UPGRADING to +0 leather armour.
   681 | D:1      | 681 ||| DROPPING +0 robe.
   682 | D:1      | 682 ||| UPGRADING to +0 ring mail.
   692 | D:1      | 692 ||| DROPPING +0 leather armour.
   693 | D:1      | 693 ||| READING scroll labelled HIMIAWKO IDON.
   794 | D:1      | 794 ||| READING scroll labelled OPUBAGADAKH.
   795 | D:1      | 795 ||| READING scroll labelled EVVOCH POBAMAT.
   796 | D:1      | 796 ||| DRINKING 2 white potions.
   803 | D:1      | 803 ||| DROPPING scroll of poison.
   804 | D:1      | 804 ||| DROPPING potion of ambrosia.
   842 | D:2      | 842 ||| STAIRDANCE
   927 | D:2      | Noticed Jessica
   930 | D:2      | Killed Jessica
   931 | D:2      | Reached skill level 4 in Ranged Weapons
   931 | D:2      | Reached XP level 3. HP: 30/30 MP: 3/3
  1006 | D:2      | Reached skill level 1 in Armour
  1220 | D:2      | Reached XP level 4. HP: 37/37 MP: 4/4
  1436 | D:2      | 1436 ||| UPGRADING to amulet of the acrobat.
  1441 | D:2      | 1441 ||| UPGRADING to amulet of faith.
  1451 | D:2      | 1451 ||| READING scroll labelled DUSTRU UVESCHOA.
  1517 | D:2      | 1517 ||| READING 3 scrolls labelled QUCEIX FICOPO.
  1518 | D:2      | 1518 ||| DRINKING 2 purple potions.
  1519 | D:2      | 1519 ||| DRINKING 2 amethyst potions.
  1520 | D:2      | 1520 ||| READING 2 scrolls of identify.
  1520 | D:2      | 1520 ||| IDENTIFYING red potion
  1521 | D:2      | 1521 ||| DROPPING 2 scrolls of vulnerability.
  1522 | D:2      | 1522 ||| DROPPING potion of brilliance.
  1623 | D:3      | Reached skill level 5 in Ranged Weapons
  1920 | D:3      | 1920 ||| Stepping ~*~*~tactically~*~*~ (outnumbered).
  2048 | D:3      | Reached skill level 3 in Fighting
  2048 | D:3      | Reached XP level 5. HP: 26/45 MP: 5/5
  2141 | D:3      | Found an opulent altar of Gozag.
  2144 | D:3      | Found a sacrificial altar of Ru.
  2308 | D:3      | 2308 ||| UPGRADING to +0 pair of boots.
  2313 | D:3      | 2313 ||| UPGRADING to ring of protection from fire.
  2314 | D:3      | 2314 ||| READING scroll labelled ABIR MUUSIG.
  2315 | D:3      | 2315 ||| READING scroll labelled IKYJORPHY ZEOS.
  2338 | D:4      | 2338 ||| PLANNING OSSUARY
  2465 | D:4      | Found a shimmering altar of Xom.
  2465 | D:4      | Found a shimmering blue altar of Sif Muna.
  2507 | D:4      | Noticed an ogre
  2516 | D:4      | Killed an ogre
  2517 | D:4      | Reached skill level 6 in Ranged Weapons
  2623 | D:4      | Found a sand-covered staircase.
  2653 | Ossuary  | Entered an ossuary
  2673 | Ossuary  | Reached XP level 6. HP: 51/51 MP: 6/6
  2678 | Ossuary  | 2678 ||| FLEEEEING.
  2679 | Ossuary  | 2679 ||| FLEEEEING.
  2680 | Ossuary  | 2680 ||| FLEEEEING.
  2681 | Ossuary  | 2681 ||| FLEEEEING.
  2682 | Ossuary  | 2682 ||| FLEEEEING.
  2683 | Ossuary  | 2683 ||| FLEEEEING.
  2684 | Ossuary  | 2684 ||| FLEEEEING.
  2685 | Ossuary  | 2685 ||| FLEEEEING.
  2686 | Ossuary  | 2686 ||| FLEEEEING.
  2712 | Ossuary  | HP: 7/52 [mummy (12)]
  3084 | Ossuary  | 3084 ||| READING 3 scrolls labelled WAPOIVVANU.
  3087 | Ossuary  | 3087 ||| READING scroll labelled CAJ YXODIGIY.
  3088 | Ossuary  | 3088 ||| READING scroll labelled DOOPSO EREICKE.
  3089 | Ossuary  | 3089 ||| DRINKING 2 inky potions.
  3090 | Ossuary  | 3090 ||| DRINKING 2 puce potions.
  3090 | Ossuary  | Gained mutation: You are robust. (+10% HP) [potion of
                  | mutation]
  3090 | Ossuary  | Gained mutation: You occasionally lose the ability to drink
                  | potions when taking damage. [potion of mutation]
  3108 | Ossuary  | 3108 ||| DRINKING potion of mutation.
  3108 | Ossuary  | Lost mutation: You are robust. (+10% HP) [potion of
                  | mutation]
  3108 | Ossuary  | Lost mutation: You occasionally lose the ability to drink
                  | potions when taking damage. [potion of mutation]
  3108 | Ossuary  | Gained mutation: You have a pair of large horns on your
                  | head. [potion of mutation]
  3108 | Ossuary  | Gained mutation: You are agile. (Dex +4, Str/Int -1)
                  | [potion of mutation]
  3108 | Ossuary  | Gained mutation: Armour fits poorly on your strangely
                  | shaped body. [potion of mutation]
  3109 | Ossuary  | 3109 ||| DRINKING 2 pink potions.
  3110 | Ossuary  | 3110 ||| DRINKING 3 lumpy amethyst potions.
  3111 | Ossuary  | 3111 ||| DROPPING 2 potions of invisibility.
  3112 | Ossuary  | 3112 ||| DROPPING potion of degeneration.
  3123 | D:4      | 3123 ||| PLANNING D:1-11
  3643 | D:4      | 3643 ||| DROPPING amulet of the acrobat.
  3644 | D:4      | 3644 ||| READING 2 scrolls of identify.
  3644 | D:4      | 3644 ||| IDENTIFYING lumpy clear potion
  3645 | D:4      | 3645 ||| DROPPING potion of attraction.
  3665 | D:5      | Entered Level 5 of the Dungeon
  3721 | D:5      | Reached skill level 7 in Ranged Weapons
  3770 | D:5      | Reached XP level 7. HP: 59/59 MP: 7/7
  3795 | D:5      | Reached skill level 8 in Ranged Weapons
  3859 | D:5      | Noticed Eustachio
  3871 | D:5      | Killed Eustachio
  3872 | D:5      | Reached skill level 3 in Armour
  4250 | D:5      | 4250 ||| READING scroll labelled PURACU XIH.
  4251 | D:5      | 4251 ||| DRINKING 2 cyan potions.
  4252 | D:5      | 4252 ||| READING 3 scrolls of identify.
  4252 | D:5      | 4252 ||| IDENTIFYING fizzy green potion
  4253 | D:5      | 4253 ||| READING 2 scrolls of identify.
  4253 | D:5      | 4253 ||| IDENTIFYING green potion
  4254 | D:5      | 4254 ||| DROPPING potion of berserk rage.
  4262 | D:6      | Noticed Prince Ribbit
  4279 | D:6      | HP: 9/60 [gnoll/+4 spear (7)]
  4279 | D:6      | HP: 2/60 [gnoll/+4 spear (7)]
  4280 | D:6      | 4280 ||| READING 3 scrolls of teleportation.
  4280 | D:6      | Slain by a gnoll

Levels and vault maps discovered:
D:1:      eino_arrival_druids_welcome, layout_basic, hangedman_decor_growths
D:2:      layout_rooms, uniq_jessica
D:3:      layout_loops_cross, nicolae_overflow_squiral
D:4:      layout_gridville, gammafunk_temple_overflow_statue,
          gup_ossuary_entry_pyramid
D:5:      layout_rooms, uniq_eustachio
D:6:      layout_basic, nicolae_overflow_two_pavilions, uniq_maggie,
          uniq_blork_the_orc, uniq_prince_ribbit1

Skill      XL: |  1  2  3  4  5  6  7 |
---------------+----------------------+-----
Ranged Weapons | 3 4 5 6 7 8 |  8.1
Fighting       | 2 3 4 |  4.8
Armour         | 1 3 |  3.5
Dodging        | |  2.1
Spellcasting   | |  1.0
Hexes          | |  2.0

Action                     |  1- 3 |  4- 6 |  7- 9 || total
---------------------------+-------+-------+-------++-------
   Fire: Sling             |    91 |   261 |    62 ||   414
    Use: Scroll            |     3 |     9 |     4 ||    16
         Potion            |     1 |     7 |     1 ||     9
 Armour: Ring mail         |     8 |    42 |     6 ||    56
  Dodge: Dodged            |    25 |    70 |    31 ||   126

Table legend:
 A = Non-vault XP
 B = Vault XP
 C = Vault XP percentage of total XP
 D = Non-vault monster count
 E = Vault monster count
 F = Vault count percentage of total count
                 A         B        C        D         E       F
            +---------+---------+-------+---------+---------+-------
      Total |     848 |     390 |  31.5 |      79 |      16 |  16.8
            +---------+---------+-------+---------+---------+-------
        D:1 |      29 |       0 |   0.0 |      11 |       0 |   0.0
        D:2 |      55 |      37 |  40.2 |      16 |       1 |   5.9
        D:3 |      89 |       0 |   0.0 |      20 |       0 |   0.0
        D:4 |     197 |      18 |   8.4 |      17 |       1 |   5.6
        D:5 |     417 |     197 |  32.1 |      12 |       1 |   7.7
        D:6 |      61 |       0 |   0.0 |       3 |       0 |   0.0
    Ossuary |       0 |     138 | 100.0 |       0 |      13 | 100.0
            +---------+---------+-------+---------+---------+-------
